 Dungeon Crawl Stone Soup version 0.31-a0-1598-g94871bc2e8 (webtiles) character file.

Game seed: 13313788155138441662

193 Flugslaktarn the Apothecary (level 5, 0/46 HPs)
             Began as an Octopode Alchemist on Jan 7, 2024.
             Succumbed to a scorpion's poison
             ... on level 5 of the Dungeon.
             The game lasted 00:02:43 (1137 turns).

Flugslaktarn the Apothecary (Octopode Alchemist)    Turns: 1137, Time: 00:02:44

Health: 0/46       AC: 22    Str:  5 (7)  XL:     5   Next: 72%
Magic:  4/10       EV:  2    Int: 17 (20) God:
Gold:   46         SH:  0    Dex: 10 (12) Spells: 5/10 levels left

rFire   . . .        g - +0 rapier
rCold   . . .        (no shield)
rNeg    . . .        (helmet currently unavailable)
rPois   +            (no amulet)
rElec   .            (no ring)
rCorr   .            (no ring)
SInv    .            (no ring)
Will    .....        (no ring)
Stlth   ++           (no ring)
HPRegen 0.27/turn    (no ring)
MPRegen 0.12/turn    (no ring)
                     (no ring)

%: no passive effects
@: lethally poisoned (0 -> -2), tree-form, on berserk cooldown, slowed, very
slow
A: stationary, stasis, torment immunity, boosted hp, almost no armour,
(amphibious), 8 rings, (camouflage 1), (gelatinous body 1), (nimble swimmer 1),
(tentacles)
a: no special abilities


You were on level 5 of the Dungeon.
You were a tree.
You visited 1 branch of the dungeon, and saw 5 of its levels.

You collected 46 gold pieces.

Inventory:

Hand Weapons
 b - a +0 dagger
   (You took it off a kobold on level 1 of the Dungeon)
 g - a +0 rapier (weapon)
   (You found it on level 4 of the Dungeon)
Jewellery
 k - an amulet of guardian spirit
   (You found it on level 5 of the Dungeon)
Wands
 c - a wand of flame (50)
   (You found it on level 2 of the Dungeon)
 h - a wand of charming (6)
   (You found it on level 4 of the Dungeon)
 j - a wand of mindburst (18)
   (You found it on level 4 of the Dungeon)
Scrolls
 e - 3 scrolls of identify {unknown}
Potions
 a - a potion of magic


   Skills:
 - Level 2.0 Dodging
 - Level 2.6 Stealth
 + Level 3.4 Spellcasting
 - Level 1.0 Conjurations
 * Level 5.8 Alchemy


You had 5 spell levels left.
You knew the following spells:

 Your Spells              Type           Power      Damage    Failure   Level
a - Sting                 Conj/Alch      56%        1d6       4%          1
b - Olgreb's Toxic Radia  Alch           22%        N/A       14%         4

Your spell library contained the following spells:

 Spells                   Type           Power      Damage    Failure   Level
 Mercury Vapours          Alch/Air       24%        N/A       8%          2
 Mephitic Cloud           Conj/Alch/Air  10%        N/A       21%         3
 Sticky Flame             Fire/Alch      12%        2d5       45%         4


Dungeon Overview and Level Annotations

Branches:
Dungeon (5/15)
 Temple: D:4-7

Altars:
Fedhas
Wu Jian

Annotations:
D:4 1 runed translucent door, exclusion: phantom, Crazy Yiuf


Innate Abilities, Weirdness & Mutations

You are a tree.
Your roots penetrate the ground, keeping you stationary.
You cannot be teleported.
You are immune to unholy pain and torment.
Your maximum health is greatly increased.
You cannot wear most types of armour.
((You are amphibious.))
You can wear up to eight rings at the same time.
((Your skin changes colour to match your surroundings (Stealth+).))
((Your rubbery body absorbs attacks. (AC +1, EV +1)))
((You are camouflaged when in or above water. (Stealth+)))
((You have tentacles for arms and can constrict up to eight enemies at once.))


Message History

Confirm with . or Enter, or press ? or * to list all spells.
Aiming: Sting (safe; 3% risk of failure)
Press: ? - help, Shift-Dir - straight line, f/p - adder
Aim: an adder (almost dead, very poisoned, 57% to hit)
The sting hits the adder.
The adder looks even sicker.
You kill the adder!
You see here an adder corpse.
Things that are here:
a +0 mace; an orc corpse
Found an escape hatch in the ceiling.
Found a stone staircase leading down.
A scorpion comes into view.
Found a forked copper wand.
Casting: Sting (safe; 3% risk of failure)
Confirm with . or Enter, or press ? or * to list all spells.
Aiming: Sting (safe; 3% risk of failure)
Press: ? - help, Shift-Dir - straight line, f - scorpion
Aim: a scorpion (74% to hit)
The sting hits the scorpion but does no damage.
The scorpion is poisoned.
Casting: Sting (safe; 3% risk of failure)
Confirm with . or Enter, or press ? or * to list all spells.
Aiming: Sting (safe; 3% risk of failure)
Press: ? - help, Shift-Dir - straight line, f/p - scorpion
Aim: a scorpion (poisoned, 74% to hit)
The sting misses the scorpion.
The scorpion stings you.
You are poisoned.
The scorpion poisons you!
You barely miss the scorpion. Your grab misses the scorpion.
The scorpion is lightly wounded.
You feel very sick. The scorpion misses you.
You hit the scorpion but do no damage. Your grab misses the scorpion.
You squeeze the scorpion, but do no damage.
The scorpion is moderately wounded.
You feel sick. The scorpion stings you.
You are lethally poisoned!
The scorpion poisons you! The scorpion misses you.
Casting: Sting (safe; 3% risk of failure)
Confirm with . or Enter, or press ? or * to list all spells.
Aiming: Sting (safe; 3% risk of failure)
Press: ? - help, Shift-Dir - straight line, f/p - scorpion
Aim: a scorpion (heavily wounded, poisoned, 74% to hit)
The sting misses the scorpion.
You feel very sick. The scorpion barely misses you.
It was a potion of lignification.
You turn into a tree.
Your roots penetrate the ground.
You feel very sick.
The scorpion looks more healthy.
The scorpion stings you but does no damage.
Okay, then.
Unknown command.
Casting: Sting (safe; 3% risk of failure)
Confirm with . or Enter, or press ? or * to list all spells.
Aiming: Sting (safe; 3% risk of failure)
Press: ? - help, Shift-Dir - straight line, f/p - scorpion
Aim: a scorpion (severely wounded, 74% to hit)
The sting hits the scorpion but does no damage.
The scorpion is poisoned.
The scorpion is severely wounded.
* * * LOW HITPOINT WARNING * * *
You feel very sick. The scorpion stings you.
* * * LOW HITPOINT WARNING * * *
Casting: Sting (safe; 3% risk of failure)
Confirm with . or Enter, or press ? or * to list all spells.
Aiming: Sting (safe; 3% risk of failure)
Press: ? - help, Shift-Dir - straight line, f/p - scorpion
Aim: a scorpion (almost dead, poisoned, 74% to hit)
The sting hits the scorpion.
The scorpion looks even sicker.
The scorpion is almost dead.
* * * LOW HITPOINT WARNING * * *
You feel sick.
You kill the scorpion!
Unknown command.
It was a potion of degeneration.
There was something very wrong with that liquid.
You feel weakened.
You feel dopey.
You feel clumsy.
* * * LOW HITPOINT WARNING * * *
You feel sick.
It was a potion of berserk rage.
A red film seems to cover your vision as you go berserk!
You feel yourself moving faster!
You feel mighty!
* * * LOW HITPOINT WARNING * * *
You feel sick.
Unknown command.
You feel a strong urge to attack something.
* * * LOW HITPOINT WARNING * * *
You feel sick.
* * * LOW HITPOINT WARNING * * *
You feel sick.
You feel your anger nearly subside.
* * * LOW HITPOINT WARNING * * *
You feel sick.
You are no longer berserk.
You are exhausted.
You feel yourself slow down.
You die...

##.. #...#.... ..
##...######.#...##### #.
#...<..........).†..########.
##...####.#..#.####......#.<.
....... #.#.#.#.# ######.....
#####.. ..####.#....# ###..#
#..### #.#.##.# #..# #..
#.#.# # #..# ... #♣### #..#
##. #.†.# #..# #.#.# #..#
#.#.# #..# ..#.. #.###.#
..#/#.. ..##.##..


There were no monsters in sight!

Vanquished Creatures
  Blork the orc (D:5)
  A scorpion (D:5)
  3 gnolls (D:4)
  An adder (D:5)
  2 dart slugs (D:4)
  A ribbon worm (D:4)
  An orc (D:5)
  3 giant cockroaches
  3 goblins
  2 hobgoblins (D:4)
  2 jackals (D:4)
  A kobold (D:1)
  2 quokkas
  A ball python (D:3)
  A bat (D:3)
  3 rats
28 creatures vanquished.

Notes
Turn   | Place    | Note
-------+----------+-------------------------------------------
     0 | D:1      | Flugslaktarn the Octopode Alchemist began the quest for the
                  | Orb.
     0 | D:1      | Reached XP level 1. HP: 11/11 MP: 3/3
   124 | D:2      | Reached XP level 2. HP: 7/17 MP: 1/5
   298 | D:4      | Noticed a phantom
   320 | D:4      | Reached skill level 4 in Alchemy
   330 | D:4      | Reached XP level 3. HP: 21/21 MP: 2/6
   466 | D:3      | Found an ornate altar of the Wu Jian Council.
   466 | D:3      | Found a blossoming altar of Fedhas.
   538 | D:4      | Found a runed translucent door.
   539 | D:4      | Noticed Crazy Yiuf
   571 | D:4      | Reached XP level 4. HP: 16/27 MP: 8/8
   576 | D:4      | Learned a level 4 spell: Olgreb's Toxic Radiance
   949 | D:5      | Entered Level 5 of the Dungeon
   949 | D:5      | Noticed Blork the orc
   957 | D:5      | HP: 1/27 [Blork the orc/puff of flame (9)]
   959 | D:5      | Killed Blork the orc
   960 | D:5      | Reached skill level 5 in Alchemy
   960 | D:5      | Reached XP level 5. HP: 2/31 MP: 6/9
  1135 | D:5      | HP: 3/69 [poisoned by a scorpion]
  1137 | D:5      | Succumbed to a scorpion's poison

Illustrated notes

Levels and vault maps discovered:
D:1:      dpeg_arrival_radiant, layout_rooms, minivault_5
D:2:      layout_rooms, basic_altar, minmay_liquid_box,
          minmay_misc_feat_four_crosses
D:3:      layout_basic, gammafunk_temple_overflow_pools, nicolae_half_adder,
          uniq_ijyb
D:4:      layout_basic, tso_oasis_becter, minmay_tree_intersection,
          uniq_crazy_yiuf_cottage, uniq_natasha
D:5:      minmay_general_purpose_star, layout_loops_ring,
          mainiacjoe_overflow_concentric_impassable, serial_glass,
          glass_columns_b, glass_columns_c, glass_columns_a, glass_columns_b,
          glass_columns_b, glass_columns_a, due_unseen_surprise,
          minmay_strange_pillars, feat_on_display, kennysheep_small_spiral,
          uniq_blork_the_orc

Skill      XL: |  1  2  3  4 |
---------------+-------------+-----
Alchemy        | 4 5 |  5.8
Spellcasting   | 3 |  3.4
Dodging        | |  2.0
Stealth        | |  2.6
Conjurations   | |  1.0

Action                     |  1- 3 |  4- 6 || total
---------------------------+-------+-------++-------
  Melee: Unarmed           |     9 |       ||     9
         Dagger            |     7 |       ||     7
         Constrict         |     6 |     1 ||     7
         Tentacles         |     5 |     3 ||     8
         Rapier            |    10 |     6 ||    16
   Cast: Sting             |    21 |    15 ||    36
  Evoke: Wand              |       |     3 ||     3
    Use: Potion            |       |     3 ||     3
   Stab: Sleeping          |       |     1 ||     1
 Armour: Skin              |    24 |    12 ||    36
  Dodge: Dodged            |    13 |     9 ||    22

Table legend: (Time is in decaauts)
 A = Elapsed time spent in this place.
 B = Non-inter-level travel time spent in this place.
 C = Inter-level travel time spent in this place.
 D = Time resting spent in this place.
 E = Time spent auto-exploring this place.
 F = Levels seen in this place.
 G = Mean time per level.
                   A        B        C        D        E       F      G
               +--------+--------+--------+--------+--------+-----+--------+
         Total |   1137 |   1083 |     54 |     97 |    584 |   5 |  227.4 |
       Dungeon |   1137 |   1083 |     54 |     97 |    584 |   5 |  227.4 |
               +--------+--------+--------+--------+--------+-----+--------+

Top non-repeatable levels by time:
     D:4: 672 daAuts
     D:5: 187 daAuts
     D:3: 135 daAuts
     D:1: 86 daAuts
     D:2: 55 daAuts
